 Dungeon Crawl Stone Soup version 0.30.1-11-g7821555f0a (webtiles) character file.

Game seed: 9494027345300853888

273 Peloso the Slasher (level 6, 0/53 HPs)
             Began as a Minotaur Fighter on Dec 23, 2023.
             Was an Initiate of Okawaru.
             Slain by a lemure (8 damage)
             ... led by Pikel
             ... while paralysed by Pikel
             ... on level 4 of the Dungeon.
             The game lasted 00:03:24 (2777 turns).

Peloso the Slasher (Minotaur Fighter)               Turns: 2777, Time: 00:03:24

Health: 0/53       AC:  8    Str: 20    XL:     6   Next: 2%
Magic:  5/5        EV:  2    Int:  5    God:    Okawaru [......]
Gold:   142        SH:  0    Dex: 12    Spells: 5/5 levels left

rFire   . . .        a - +0 long sword
rCold   . . .        d - +0 buckler
rNeg    . . .        b - +0 scale mail
rPois   .            (helmet restricted)
rElec   .            (no cloak)
rCorr   .            (no gloves)
SInv    .            c - +0 pair of boots
Will    .....        (no amulet) Stlth
                     (no ring)
HPRegen 0.28/turn    (no ring)
MPRegen 0.09/turn

%: no passive effects
@: paralysed, mighty
A: horns 2, retaliatory headbutt
a: Renounce Religion


You were on level 4 of the Dungeon.
You worshipped Okawaru.
Okawaru was noncommittal.
You visited 1 branch of the dungeon, and saw 4 of its levels.

You collected 142 gold pieces.

Inventory:

Hand Weapons
 a - a +0 long sword (weapon)
Armour
 b - a +0 scale mail (worn)
 c - a +0 pair of boots (worn)
 d - a +0 buckler (worn)
Jewellery
 h - an amulet of faith
Scrolls
 g - 2 scrolls of immolation {unknown}
 j - a scroll of vulnerability {unknown}
 l - a scroll of silence {unknown}
 o - a scroll of fear {unknown}
 r - a scroll of teleportation {unknown}
 s - a scroll of acquirement {unknown}
 u - a scroll of blinking {unknown}
Potions
 f - a potion of ambrosia {unknown}
 i - a potion of magic
 k - a potion of invisibility
 m - a potion of flight
 n - a potion of heal wounds {unknown}
 q - 2 potions of degeneration {unknown}
 t - a potion of brilliance {unknown}


   Skills:
 + Level 4.3 Fighting
 + Level 5.2 Long Blades
 + Level 5.1 Armour
 + Level 2.2 Dodging
 + Level 0.1 Stealth
 + Level 4.2 Shields


You had 5 spell levels left.
You didn't know any spells.
Your spell library contained the following spells:

 Spells                   Type           Power      Damage    Failure   Level
 Dazzling Flash           Conj/Hex       0%         N/A       99%         3
 Volatile Blastmotes      Fire/Tloc      0%         2d10      99%         3
 Iskenderun's Mystic Bla  Conj/Tloc      0%         2d3       100%        4
 Starburst                Conj/Fire      0%         6d3       100%        6
 Summon Small Mammal      Summ           Unusable   N/A       N/A         1
 Call Canine Familiar     Summ           Unusable   N/A       N/A         3
 Summon Guardian Golem    Hex/Summ       Unusable   N/A       N/A         3

Dungeon Overview and Level Annotations

Branches:
Dungeon (4/15)
 Temple: D:4-7

Altars:
Ashenzari
Elyvilon
Fedhas
Okawaru
Qazlal
Ru
Trog
The Shining One

Annotations:
D:4 dig, Pikel


Innate Abilities, Weirdness & Mutations

You have a pair of horns on your head.
You reflexively headbutt those who attack you in melee.


Message History

You closely miss Pikel. Your headbutt misses Pikel.
Pikel is lightly wounded.
Pikel hits you with a +2 whip of freezing!
* * * LOW HITPOINT WARNING * * *
Pikel freezes you.
* * * LOW HITPOINT WARNING * * *
Unknown command.
You feel better. The lemure barely misses you.
Pikel hits you with a +2 whip of freezing.
* * * LOW HITPOINT WARNING * * *
Pikel freezes you.
* * * LOW HITPOINT WARNING * * *
Unknown command.
You feel better. The lemure closely misses you. You furiously retaliate!
You headbutt the lemure! You block Pikel's attack.
Unknown command.
You slash Pikel!
Pikel is moderately wounded.
The lemure barely misses you. Pikel closely misses you.
Unknown command.
You barely miss Pikel.
Pikel is moderately wounded.
Pikel hits you with a +2 whip of freezing!
* * * LOW HITPOINT WARNING * * *
Pikel freezes you.
* * * LOW HITPOINT WARNING * * *
You block the lemure's attack.
You slash Pikel!
Pikel is heavily wounded.
The lemure hits you.
* * * LOW HITPOINT WARNING * * *
You block Pikel's attack.
Unknown command.
You feel better.
Pikel zaps a wand.
You suddenly lose the ability to move!
The lemure hits you but does no damage.
Pikel zaps a wand.
You shrug off the repeated paralysis!
The lemure hits you.
* * * LOW HITPOINT WARNING * * *
Something unseen breaks down the door.
The lemure hits you!
You die...

.............###...5#..#..#
......_.............#..# ##
...##..._........#..#..#
#+###.#....#...#.#..####
#..>..###.##...'.#..#
###.#...........5####
#.#####.#....#5# #.#
#.####K# #.# #. #@# #.#
#.5...$.# #.# ....##.## #.#
###### #.# #.# #.# #.# #.#


You could see Pikel and 3 lemures.

Vanquished Creatures
  Sigmund (D:3)
  A hound (D:3)
  4 adders (D:3)
  A worm (D:2)
  A dart slug (D:1)
  2 orcs (D:3)
  5 ball pythons
  2 endoplasms (D:2)
  2 giant cockroaches
  7 hobgoblins
  A quokka (D:2)
  5 bats
  2 frilled lizards
  2 goblins
  7 kobolds
  A rat (D:2)
44 creatures vanquished.

Notes
Turn   | Place    | Note
-------+----------+-------------------------------------------
     0 | D:1      | Peloso the Minotaur Fighter began the quest for the Orb.
     0 | D:1      | Reached XP level 1. HP: 19/19 MP: 0/0
   205 | D:1      | Reached XP level 2. HP: 20/27 MP: 1/1
  1176 | D:2      | Found a faded altar of an unknown god.
  1229 | D:2      | Reached XP level 3. HP: 32/33 MP: 2/2
  1473 | D:2      | Found a white marble altar of Elyvilon.
  1651 | D:3      | Found a broken altar of Ashenzari.
  1817 | D:3      | Reached XP level 4. HP: 38/40 MP: 3/3
  2045 | D:3      | Noticed Sigmund
  2055 | D:3      | Killed Sigmund
  2056 | D:3      | Reached skill level 5 in Long Blades
  2056 | D:3      | Reached skill level 5 in Armour
  2056 | D:3      | Reached XP level 5. HP: 23/47 MP: 4/4
  2249 | D:3      | Reached XP level 6. HP: 53/53 MP: 5/5
  2303 | D:3      | Identified the +0 robe "Kyweodin" {rF+}
  2692 | D:4      | Found a sacrificial altar of Ru.
  2695 | D:4      | Found an iron altar of Okawaru.
  2695 | D:4      | Found a bloodstained altar of Trog.
  2695 | D:4      | Found a glowing golden altar of the Shining One.
  2696 | D:4      | Found a stormy altar of Qazlal.
  2696 | D:4      | Found a blossoming altar of Fedhas.
  2701 | D:4      | Became a worshipper of Warmaster Okawaru
  2740 | D:4      | Noticed Pikel
  2746 | D:4      | Paralysed by Pikel for 3 turns
  2775 | D:4      | Paralysed by Pikel for 5 turns
  2777 | D:4      | Slain by a lemure

Illustrated notes

Levels and vault maps discovered:
D:1:      heliophobic_arrival_ceremonial_halls, layout_basic,
          minmay_misc_feat_rows
D:2:      layout_basic, chequers_ecumenical_altar_grove, basic_altar
D:3:      minmay_wonky_spiral, layout_loops_ring, lemuel_coloured_pillars_altar,
          uniq_sigmund
D:4:      cheibrodos_quashed, layout_basic, grunt_temple_overflow_open,
          hangedman_abyss_or_decor_stagger, uniq_pikel

Skill      XL: |  1  2  3  4 |
---------------+-------------+-----
Armour         | 4 5 |  5.1
Long Blades    | 3 4 5 |  5.2
Fighting       | 4 |  4.3
Shields        | 4 |  4.2
Dodging        | 2 |  2.2
Stealth        | |  0.1

Action                     |  1- 3 |  4- 6 || total
---------------------------+-------+-------++-------
  Melee: Long sword        |    89 |    42 ||   131
         Headbutt          |     8 |     3 ||    11
    Use: Potion            |     1 |     5 ||     6
         Scroll            |     3 |       ||     3
 Armour: Scale mail        |    46 |    14 ||    60
  Dodge: Dodged            |    44 |    22 ||    66
  Block: Buckler           |    22 |    11 ||    33
